 Dungeon Crawl Stone Soup version 0.28.0 (webtiles) character file.

Game seed: 14776542062041718328

9545 xSliceyx the Fighter (level 11, -2/96 HPs)
             Began as a Formicid Fighter on Feb 6, 2022.
             Was an Elder of Okawaru.
             Slain by a troll (6 damage)
             ... on level 10 of the Dungeon.
             The game lasted 00:35:59 (13351 turns).

xSliceyx the Fighter (Formicid Fighter)            Turns: 13351, Time: 00:36:01

Health: -2/96      AC: 16    Str: 24    XL:     11   Next: 76%
Magic:  18/18      EV:  8    Int:  9    God:    Okawaru [****..]
Gold:   625        SH:  4    Dex: 10    Spells: 10/10 levels left

rFire   . . .      SeeInvis +   a - +9 falchion of Fortitude {drain, rN+ rCorr}
rCold   . . .      Faith    .   c - +0 buckler
rNeg    + . .      Spirit   .   o - +0 chain mail
rPois   .          Reflect  .   (helmet unavailable)
rElec   .          Harm     .   C - +1 cloak {rCorr}
rCorr   +          Rampage  .   n - +0 pair of gloves
Will    +....                   (no boots)
Stlth   ..........              (no amulet)
HPRegen 0.26/turn               (no ring)
MPRegen 0.16/turn               (no ring)

@: no status effects
A: permanent stasis, dig shafts and tunnels, antennae 3, four strong arms
a: Dig, Shaft Self, Renounce Religion, Heroism, Finesse


You were on level 10 of the Dungeon.
You worshipped Okawaru.
Okawaru was greatly pleased with you.
You visited 2 branches of the dungeon, and saw 11 of its levels.

You collected 625 gold pieces.

Inventory:

Hand Weapons
 a - the +9 falchion of Fortitude (weapon) {drain, rN+ rCorr}
   (You found it on level 4 of the Dungeon)

   A truly terrible weapon, it drains the life of any living foe it strikes.
   rN:        It protects you from negative energy.
   rCorr:     It protects you from acid and corrosion.
 b - a +2 hunting sling of freezing
Missiles
 m - 31 poisoned darts (quivered)
 r - 56 sling bullets
Armour
 c - a +0 buckler (worn)
 n - a +0 pair of gloves (worn)
 o - a +0 chain mail (worn)
 C - a +1 cloak of preservation (worn)
Jewellery
 q - a ring of resist corrosion
Wands
 i - a wand of charming (9)
 B - a wand of flame (21)
Scrolls
 g - 12 scrolls of identify {unknown}
 h - a scroll of noise {unknown}
 j - 2 scrolls of magic mapping {unknown}
 l - 2 scrolls of fear {unknown}
 p - a scroll of vulnerability {unknown}
 t - 5 scrolls of teleportation {unknown}
 y - a scroll of amnesia {unknown}
 D - 2 scrolls of enchant armour {unknown}
Potions
 d - a potion of might
 e - 4 potions of curing
 f - 2 potions of attraction {unknown}
 k - a potion of berserk rage {unknown}
 s - a potion of mutation {unknown}
 u - 2 potions of cancellation {unknown}
 v - 2 potions of resistance {unknown}
 w - 2 potions of haste {unknown}
 x - 3 potions of heal wounds {unknown}
 z - a potion of ambrosia {unknown}
 A - a potion of flight {unknown}


   Skills:
 - Level 12.4 Fighting
 - Level 2.0 Long Blades
 + Level 12.4 Armour
 - Level 4.0 Shields
 - Level 10.0 Invocations


You had 10 spell levels left.
You didn't know any spells.
Your spell library contained the following spells:

 Spells                   Type           Power      Damage    Failure   Level
 Foxfire                  Conj/Fire      0%         2x1d4     93%         1
 Corpse Rot               Necr/Air       0%         N/A       98%         2
 Poisonous Vapours        Pois/Air       0%         N/A       98%         2
 Scorch                   Fire           0%         2d5       98%         2
 Gell's Gravitas          Tloc           0%         N/A       100%        3
 Teleport Other           Tloc           0%         N/A       100%        3
 Hailstorm                Conj/Ice       0%         3d3       100%        4
 Passage of Golubria      Tloc           0%         N/A       100%        4
 Irradiate                Conj/Tmut      0%         3d13      100%        5
 Iskenderun's Battlesphe  Conj           0%         2d6       100%        5
 Yara's Violent Unravell  Hex/Tmut       0%         3d3       100%        5
 Dispersal                Tloc           0%         N/A       100%        6
 Iron Shot                Conj/Erth      0%         9d1       100%        6
 Lehudib's Crystal Spear  Conj/Erth      0%         10d2      100%        8
 Tukima's Dance           Hex            Unusable   N/A       N/A         3
 Spellforged Servitor     Conj/Summ      Unusable   N/A       N/A         7

Dungeon Overview and Level Annotations

Branches:
Dungeon (10/15)            Temple (1/1) D:7            Lair (0/6) D:8
    Orc: D:9-12

Altars:
Ashenzari
Cheibriados
Dithmenos
Elyvilon
Fedhas
Gozag
Hepliaklqana
Kikubaaqudgha
Makhleb
Nemelex Xobeh
Okawaru
Qazlal
Ru
Sif Muna
Trog
Uskayaw
Vehumet
Wu Jian
Xom
Yredelemnul
Zin
The Shining One

Shops:
D:9 =


Innate Abilities, Weirdness & Mutations

You cannot be hasted, slowed, berserked, paralysed or teleported.
You can dig through walls and to a lower floor.
You have a pair of large antennae on your head. (SInv)
Your four strong arms can wield two-handed weapons with a shield.


Message History

The two-headed ogre barely misses you. x2
A yak comes into view.
You hit the two-headed ogre.
The two-headed ogre is severely wounded.
You feel like a meek peon again.
A yak comes into view. x2
The two-headed ogre hits you with a +0 giant spiked club!
The two-headed ogre hits you with a +0 giant club!!
The yak bellows!
You hit the two-headed ogre. You drain the two-headed ogre.
The two-headed ogre is severely wounded.
The two-headed ogre looks more healthy.
A yak comes into view.
The two-headed ogre hits you but does no damage.
The two-headed ogre hits you with a +0 giant club!
* * * LOW HITPOINT WARNING * * *
You barely miss the two-headed ogre.
The two-headed ogre is severely wounded.
The yak bellows!
The two-headed ogre hits you with a +0 giant spiked club!
* * * LOW HITPOINT WARNING * * *
The two-headed ogre hits you but does no damage.
Unknown command.
You hit the two-headed ogre.
The two-headed ogre is severely wounded.
The orc wizard gestures wildly while chanting.
The orc wizard flickers and vanishes for a moment.
You slash the two-headed ogre!
The two-headed ogre is almost dead.
The two-headed ogre hits you with a +0 giant spiked club.
* * * LOW HITPOINT WARNING * * *
You block the two-headed ogre's attack.
Unknown command.
You hit the two-headed ogre.
You kill the two-headed ogre!
Okawaru is honoured by your kill. The troll bites you but does no damage.
The troll claws you.
* * * LOW HITPOINT WARNING * * *
The troll claws you.
You die...

.).(## .....# ...#
.....##....#
#####....#....#
.....#(..##...# #
......#{{##...###.#
.......#{#.....(.
......YY##...#.#
......YoT@...<.#
......Yo##.....#
.......#{#.....###
......# {##......#
# .....#
.#....##.#.# #####
.#.....#...#.
##...........
##......##.##
###..........#


You could see 4 yaks, a troll and 2 orc warriors.

Vanquished Creatures
  A boulder beetle (D:9)
  3 two-headed ogres
  Pikel (D:9)
  An unseen horror (D:9)
  Psyche (D:9)
  A troll (D:9)
  Prince Ribbit (D:9)
  Grinder (D:6)
  2 hornets
  A vampire (D:9)
  2 wyverns (D:8)
  4 yaks (D:8)
  Grum (D:9)
  A basilisk (D:8)
  2 steam dragons
  Menkaure (D:5)
  Edmund (D:4)
  9 water moccasins
  2 orc warriors
  4 ice beasts
  A necrophage (D:5)
  2 ogres
  2 centaurs
  2 wolves (D:9)
  A lemure (D:9)
  A phantom (D:7)
  4 kobold brigands
  2 bullfrogs (D:8)
  2 scorpions
  A water moccasin zombie (D:6)
  2 water moccasin skeletons
  4 killer bees (D:8)
  4 howler monkeys
  4 centaur zombies
  A hound (D:7)
  3 orc priests
  3 centaur skeletons
  A jelly (D:7)
  Crazy Yiuf (D:7)
  An iguana (D:5)
  9 orc wizards
  A howler monkey zombie (D:10)
  4 gnolls (D:5)
  8 adders
  A howler monkey skeleton (D:5)
  2 ufetubi
  An adder skeleton (D:4)
  2 dart slugs
  19 orcs
  3 ball pythons
  10 bats
  9 endoplasms
  7 goblins
  10 hobgoblins
  4 jackals (D:4)
  22 kobolds
  3 quokkas
  2 frilled lizards
  7 rats
206 creatures vanquished.

Vanquished Creatures (others)
  3 fungi (D:8)
  23 plants
26 creatures vanquished.

Grand Total: 232 creatures vanquished

Notes
Turn   | Place    | Note
-------+----------+-------------------------------------------
     0 | D:1      | xSliceyx the Formicid Fighter began the quest for the Orb.
     0 | D:1      | Reached XP level 1. HP: 18/18 MP: 1/1
   153 | D:1      | Reached XP level 2. HP: 24/24 MP: 2/2
   640 | D:1      | Reached XP level 3. HP: 24/29 MP: 3/3
  1042 | D:1      | Found a faded altar of an unknown god.
  1521 | D:2      | Identified the +4 dagger "Qommi" {venom, rCorr Dex+4
                  | Stlth+}
  1578 | D:2      | Found a hide-covered altar of Uskayaw.
  1618 | D:2      | Reached XP level 4. HP: 34/35 MP: 4/4
  1833 | D:2      | Reached skill level 5 in Armour
  2906 | D:3      | Reached XP level 5. HP: 41/41 MP: 5/5
  3968 | D:4      | Identified the +1 spear of the Dark Horse {drain, rElec}
  4049 | D:4      | Reached XP level 6. HP: 39/47 MP: 6/6
  4126 | D:4      | Noticed Edmund
  4156 | D:4      | Killed Edmund
  4322 | D:4      | Identified the +9 falchion of Fortitude {drain, rN+ rCorr}
  4511 | D:5      | Entered Level 5 of the Dungeon
  4511 | D:5      | Noticed an ice beast
  4527 | D:5      | Reached XP level 7. HP: 36/45 MP: 7/7
  4646 | D:5      | Reached skill level 5 in Fighting
  4775 | D:5      | Reached XP level 8. HP: 25/64 MP: 8/8
  5143 | D:5      | Found an ancient bone altar of Kikubaaqudgha.
  5194 | D:5      | Noticed Menkaure
  5205 | D:5      | Killed Menkaure
  6255 | D:6      | Reached XP level 9. HP: 72/77 MP: 9/9
  6320 | D:6      | Found a burning altar of Makhleb.
  6339 | D:6      | Reached skill level 10 in Fighting
  6903 | D:6      | Noticed Grinder
  6931 | D:6      | Killed Grinder
  7806 | D:7      | Found a broken altar of Ashenzari.
  7823 | D:7      | Found a runed translucent door.
  7824 | D:7      | Noticed Crazy Yiuf
  8118 | D:7      | Found a hazy altar of Hepliaklqana.
  8160 | D:7      | Found a staircase to the Ecumenical Temple.
  8180 | Temple   | Entered the Ecumenical Temple
  8442 | Temple   | Became a worshipper of Warmaster Okawaru
  8535 | D:7      | Reached XP level 10. HP: 67/90 MP: 9/11
  9079 | D:7      | Killed Crazy Yiuf
  9167 | D:8      | Noticed a two-headed ogre
  9176 | D:8      | Killed a two-headed ogre
  9176 | D:8      | Reached * piety under Okawaru
  9354 | D:8      | Reached ** piety under Okawaru
  9459 | D:8      | Found a shadowy altar of Dithmenos.
  9511 | D:8      | Found a staircase to the Lair.
  9873 | D:8      | Reached *** piety under Okawaru
  9877 | D:8      | Reached skill level 10 in Invocations
  9908 | D:8      | Reached XP level 11. HP: 37/96 MP: 18/18
 10793 | D:8      | Got Keshro's Guide on Battle Magic and the Volcanoes
 10885 | D:9      | Noticed a boulder beetle
 10898 | D:9      | Killed a boulder beetle
 10899 | D:9      | Reached skill level 10 in Armour
 11008 | D:9      | Noticed Grum
 11023 | D:9      | Killed Grum
 11383 | D:9      | Noticed Psyche
 11400 | D:9      | Killed Psyche
 12508 | D:9      | Noticed Pikel
 12524 | D:9      | Killed Pikel
 12524 | D:9      | Reached **** piety under Okawaru
 12626 | D:9      | Found Qixyl's Jewellery Boutique.
 12659 | D:9      | Noticed Prince Ribbit
 12674 | D:9      | Killed Prince Ribbit
 13289 | D:10     | Entered Level 10 of the Dungeon
 13302 | D:10     | Noticed a two-headed ogre
 13310 | D:10     | Killed a two-headed ogre
 13333 | D:10     | Noticed a two-headed ogre
 13351 | D:10     | Killed a two-headed ogre
 13351 | D:10     | HP: 4/96 [troll (6)]
 13351 | D:10     | Slain by a troll

Illustrated notes

Levels and vault maps discovered:
D:1:      wander_arrival_peaceful_grave, layout_loops_corners,
          chequers_ecumenical_altar_twisty
D:2:      layout_basic, basic_altar
D:3:      layout_basic, minmay_pentangle
D:4:      layout_rooms, uniq_edmund
D:5:      layout_rooms, kiku_gazebo_pond_becter, uniq_menkaure
D:6:      layout_basic, mainiacjoe_overflow_surrounded_room, uniq_grinder
D:7:      layout_basic, nicolae_hepliaklqana_hazy_memory,
          mainiacjoe_overflow_alcove_4, minmay_temple_entry_glassed_door,
          uniq_crazy_yiuf_cottage
D:8:      layout_gridville, overflow_temple_1_default, minmay_lair_entry_grove,
          kennysheep_generic_room_11
D:9:      layout_layer_cave, serial_shops, nicolae_shop_statue_plus,
          uniq_psyche, uniq_grum, uniq_prince_ribbit1, uniq_pikel
D:10:     kennysheep_ambush_hall, layout_basic
Temple:   minmay_temple_bridge_d

Skill      XL: |  1  2  3  4  5  6  7  8  9 10 11 |
---------------+----------------------------------+-----
Shields        | 4 |  4.0
Armour         | 4 5 6 8 12 | 12.4
Fighting       | 6 9 12 | 12.4
Invocations    | 2 10 | 10.0
Long Blades    | |  2.0

Action                   |  1- 3 |  4- 6 |  7- 9 | 10-12 || total
-------------------------+-------+-------+-------+-------++-------
Melee: Long sword        |    87 |       |       |       ||    87
       Dagger            |     8 |   112 |       |       ||   120
       Falchion          |       |    16 |   196 |   284 ||   496
 Fire: Hunting sling     |       |    15 |    13 |     9 ||    37
Throw: Dart              |       |       |       |    19 ||    19
Invok: Heroism           |       |       |       |     5 ||     5
 Abil: Dig               |       |     1 |     2 |     7 ||    10
Evoke: Wand              |       |       |       |     5 ||     5
  Use: Potion            |       |       |       |     1 ||     1
Armor: Scale mail        |    51 |    65 |    70 |       ||   186
       Chain mail        |       |       |    55 |   161 ||   216
Dodge: Dodged            |    36 |    53 |    94 |   118 ||   301
Block: Buckler           |    15 |    31 |    48 |    43 ||   137
